 Dungeon Crawl Stone Soup version 0.28.0 (webtiles) character file.

Game seed: 8965797761955847907

535 murtidash the Chiller (level 6, -4/45 HPs)
             Began as a Demigod Ice Elementalist on Feb 5, 2022.
             Slain by an ogre (18 damage)
             ... on level 4 of the Dungeon.
             The game lasted 00:13:19 (5078 turns).

murtidash the Chiller (Demigod Ice Elementalist)    Turns: 5078, Time: 00:13:19

Health: -4/45      AC: 13    Str:  9    XL:     6   Next: 74%
Magic:  4/13       EV: 12    Int: 27    God:
Gold:   224        SH:  0    Dex: 14    Spells: 4/11 levels left

rFire   + . .      SeeInvis +   a - +3 mace "Ukhlaji" {freeze, rPois rF++ Int+2 SInv}
rCold   + . .      Faith    .   (no shield)
rNeg    . . .      Spirit   .   i - +0 robe
rPois   +          Reflect  .   (no helmet)
rElec   .          Harm     .   j - +1 cloak
rCorr   .          Rampage  .   (no gloves)
Will    .....                   (no boots)
Stlth   ++........              (no amulet)
HPRegen 0.15/turn               t - ring of wizardry {Wiz+, !d}
MPRegen 0.13/turn               u - ring of ice {rC+, rF-}

@: ice-armoured, freezing walls
A: high MP 1, forlorn, divine attributes
a: no special abilities


You were on level 4 of the Dungeon.
You visited 1 branch of the dungeon, and saw 5 of its levels.

You collected 257 gold pieces.
You spent 33 gold pieces at shops.

Inventory:

Hand Weapons
 a - the +3 mace "Ukhlaji" (weapon) {freeze, rPois rF++ Int+2 SInv}
   (You found it on level 2 of the Dungeon)

   It freezes those it strikes, dealing additional cold damage.
   It can also slow down cold-blooded creatures.
   Int:       It affects your intelligence (+2).
   rF:        It greatly protects you from fire.
   rPois:     It protects you from poison.
   SInv:      It lets you see invisible.
 b - a +1 mace of holy wrath
   (You found it on level 2 of the Dungeon)
 m - a +2 spectral quarterstaff
   (You found it on level 1 of the Dungeon)
Missiles
 A - 3 boomerangs
Armour
 i - a +0 robe (worn)
 j - a +1 cloak (worn)
   (You took it off Crazy Yiuf on level 2 of the Dungeon)
Jewellery
 t - a ring of wizardry (left hand) {Wiz+, !d}
   (You found it on level 3 of the Dungeon)
 u - a ring of ice (right hand) {rC+, rF-}
   (You found it on level 3 of the Dungeon)
 x - a ring of see invisible {sInv, !d}
   (You found it on level 3 of the Dungeon)
 z - a +6 ring of dexterity
   (You found it on level 4 of the Dungeon)
Wands
 g - a wand of flame (5)
   (You found it on level 2 of the Dungeon)
 k - a wand of digging (5)
   (You took it off Crazy Yiuf on level 2 of the Dungeon)
 y - a wand of acid (3)
   (You found it on level 4 of the Dungeon)
Scrolls
 f - 2 scrolls of teleportation
 v - a scroll of fear
Potions
 d - a potion of magic {unknown}
 e - 4 potions of curing
 l - a potion of lignification {!q}
 p - a potion of ambrosia {unknown}
 r - a potion of mutation {!q}


   Skills:
 - Level 0.1 Staves
 - Level 1.7 Dodging
 - Level 1.7 Stealth
 - Level 3.0 Spellcasting
 + Level 2.8 Conjurations
 * Level 6.5 Ice Magic


You had 4 spell levels left.
You knew the following spells:

 Your Spells              Type           Power      Damage    Failure   Level
a - Freeze                Ice            100%       1d11      1%          1
b - Frozen Ramparts       Ice            100%       1d12      1%          3
c - Ozocubu's Armour      Ice            56%        N/A       1%          3

Your spell library contained the following spells:

 Spells                   Type           Power      Damage    Failure   Level
 Foxfire                  Conj/Fire      44%        2x1d6     1%          1
 Sublimation of Blood     Necr           4%         N/A       5%          2
 Hailstorm                Conj/Ice       44%        3d10      5%          4
 Conjure Flame            Conj/Fire      11%        6-21      6%          3
 Ignite Poison            Fire/Tmut/Pois 4%         N/A       11%         3
 Inner Flame              Hex/Fire       4%         N/A       11%         3
 Flame Wave               Conj/Fire      11%        2d5       19%         4
 Sticky Flame             Conj/Fire      11%        2d3       19%         4
 Cause Fear               Hex            2%         N/A       32%         4
 Discord                  Hex            2%         N/A       100%        8


Dungeon Overview and Level Annotations

Branches:
Dungeon (5/15)             Temple (0/1) D:4

Shops:
D:3 !*=![


Innate Abilities, Weirdness & Mutations

You have an increased reservoir of magic. (+10% MP)
You shall have no god before yourself.
Your divine heritage dramatically boosts your attributes as you level up.


Message History

Unknown command.
Aim: an ice beast (severely wounded, 68% to hit)
The puff of flame hits the ice beast!
The ice beast melts!
The ice beast hits you but does no damage.
Aim: an ice beast (almost dead, 68% to hit)
The puff of flame misses the ice beast.
The ice beast hits you but does no damage.
Aim: an ice beast (almost dead, 68% to hit)
The puff of flame hits the ice beast!
The ice beast melts!
You kill the ice beast!
Your icy armour cracks and falls away as you move.
Things that are here:
a +0 flail; an orc skeleton
There is a stone staircase leading down, spattered with blood here.
You start resting.
Health restored: 45; MP restored: 13 You climb downwards.
The wyvern zombie misses you. The centaur zombie hits you.
The centaur zombie closely misses you. The wyvern zombie closely misses you.
The centaur zombie hits you. The centaur zombie misses you.
There is a stone staircase leading up, spattered with blood here.
You take 4 damage, and have 41/45 hp.
You feel a surge of power! A film of ice covers your body!
The wyvern zombie barely misses you. The centaur zombie barely misses you.
The centaur zombie kicks you but does no damage.
You now have 10/13 mp.
You hit the centaur zombie but do no damage.
The wyvern zombie barely misses you.
The centaur zombie hits you but does no damage.
The centaur zombie kicks you but does no damage.
The wyvern zombie bites you but does no damage.
The centaur zombie hits you but does no damage.
The centaur zombie closely misses you.
You hit the centaur zombie.
The centaur zombie convulses.
The wyvern zombie closely misses you.
The centaur zombie hits you but does no damage.
The centaur zombie closely misses you.
An ogre comes into view. It is wielding a +0 giant spiked club.
The wyvern zombie bites you. The centaur zombie closely misses you.
The centaur zombie barely misses you.
You take 3 damage, and have 38/45 hp.
You barely miss the centaur zombie.
The wyvern zombie bites you but does no damage.
The centaur zombie hits you but does no damage.
The centaur zombie barely misses you. The wyvern zombie barely misses you.
The centaur zombie hits you but does no damage.
The centaur zombie kicks you but does no damage.
You hit the centaur zombie but do no damage.
The wyvern zombie barely misses you.
The centaur zombie hits you but does no damage.
The centaur zombie kicks you.
The centaur zombie hits you but does no damage.
The centaur zombie kicks you but does no damage.
The wyvern zombie bites you but does no damage.
You take 1 damage, and have 37/45 hp.
You hit the centaur zombie.
The centaur zombie convulses.
The centaur zombie hits you but does no damage.
The centaur zombie kicks you but does no damage.
The wyvern zombie closely misses you.
You hit the centaur zombie.
The centaur zombie convulses.
The wyvern zombie barely misses you.
The centaur zombie hits you but does no damage.
The centaur zombie kicks you but does no damage.
The wyvern zombie bites you!
The centaur zombie hits you but does no damage.
The centaur zombie kicks you.
A dart slug comes into view.
The ogre barely misses you.
You take 12 damage, and have 25/45 hp.
MASSIVE DAMAGE!!
Your icy armour will break if you move.
Continue?
The wyvern zombie bites you but does no damage.
The centaur zombie misses you.
The centaur zombie kicks you but does no damage.
The wyvern zombie bites you.
The centaur zombie hits you but does no damage.
The centaur zombie kicks you but does no damage.
You climb upwards.
Your icy armour cracks and falls away as you move.
There is a stone staircase leading down, spattered with blood here.
You take 3 damage, and have 22/45 hp.
Okay, then.
You feel a surge of power!
The walls around you are covered in ice.
The wall freezes the ogre.
The ogre closely misses you.
You now have 8/13 mp.
You feel a surge of power! A film of ice covers your body!
The wall freezes the ogre.
The ogre closely misses you.
You now have 6/13 mp.
Your +1 mace of holy wrath stops glowing.
You feel clever.
The +3 mace "Ukhlaji" {freeze, rPois rF++ Int+2 SInv} glows with a cold blue light!
a - the +3 mace "Ukhlaji" (weapon)
{freeze, rPois rF++ Int+2 SInv}
Aim: an ogre, wielding a +0 giant spiked club (lightly wounded)
You feel a surge of power!
You freeze the ogre.
The wall freezes the ogre!
The ogre hits you with a +0 giant spiked club!
* * * LOW HITPOINT WARNING * * *
You take 9 damage, and have 13/45 hp.
You now have 5/13 mp.
Aim: an ogre, wielding a +0 giant spiked club (severely wounded)
You feel a surge of power!
You freeze the ogre.
The wall freezes the ogre.
The ogre hits you with a +0 giant spiked club!!
You die...

+..........#...##.PP..........#
#..........#...##......########
#..........#..............#
#..........#..............#
#..........#...##........##
#..........#...#####'##..##
#..........#...##....##...#
...........#...+..........#
.##+###....#...#@O.......##
.#....#....#...##>[......#
.#....#....#...##.[..##..#
#.....#....#...########..#
#.###'#....#.............#
#..........#....(.....#..#
#..........##'#######.####
#..........#...#......#
#........).#...#......#


You could see an ogre.

Vanquished Creatures
  An ice beast (D:4)
  An ogre (D:4)
  A howler monkey (D:4)
  Crazy Yiuf (D:2)
  Jessica (D:2)
  Terence (D:3)
  An iguana (D:5)
  A hound skeleton (D:4)
  A howler monkey skeleton (D:4)
  8 gnolls
  4 adders
  An adder skeleton (D:4)
  2 dart slugs
  7 orcs
  8 endoplasms
  2 giant cockroaches
  5 goblins
  5 hobgoblins
  2 jackals (D:1)
  5 quokkas
  7 ball pythons
  A bat (D:1)
  6 frilled lizards
  8 kobolds
  5 rats
85 creatures vanquished.

Vanquished Creatures (others)
  6 demonic plants (D:1)
  A fungus (D:1)
  2 plants
  A withered plant (D:1)
10 creatures vanquished.

Grand Total: 95 creatures vanquished

Notes
Turn   | Place    | Note
-------+----------+-------------------------------------------
     0 | D:1      | murtidash the Demigod Ice Elementalist began the quest for
                  | the Orb.
     0 | D:1      | Reached XP level 1. HP: 14/14 MP: 5/5
   214 | D:1      | Reached skill level 2 in Spellcasting
   419 | D:1      | Reached XP level 2. HP: 20/20 MP: 4/7
   542 | D:1      | Reached skill level 4 in Ice Magic
  1447 | D:2      | Identified the +3 mace "Ukhlaji" {freeze, rPois rF++ Int+2
                  | SInv}
  1450 | D:2      | Found a runed translucent door.
  1451 | D:2      | Noticed Crazy Yiuf
  1492 | D:2      | Reached XP level 3. HP: 17/26 MP: 4/9
  1496 | D:2      | Learned a level 3 spell: Frozen Ramparts
  1659 | D:2      | Killed Crazy Yiuf
  1818 | D:2      | Learned a level 3 spell: Ozocubu's Armour
  1841 | D:2      | Noticed Jessica
  1852 | D:2      | Killed Jessica
  1853 | D:2      | Reached XP level 4. HP: 26/33 MP: 1/10
  1858 | D:2      | Got Jessica's Grimoire of Evil Magic
  2009 | D:2      | Reached skill level 1 in Conjurations
  2009 | D:2      | Reached skill level 5 in Ice Magic
  2384 | D:3      | Noticed Terence
  2392 | D:3      | Killed Terence
  2393 | D:3      | Reached XP level 5. HP: 38/38 MP: 6/11
  2429 | D:3      | Found Mesoalaq's Jewellery Shop.
  2639 | D:3      | Found Usteafo's Distillery.
  2644 | D:3      | Found Xuoroas's Armour Shoppe.
  2647 | D:3      | Bought a potion of curing for 33 gold pieces
  3178 | D:3      | Found Enicos's Distillery.
  3200 | D:3      | Found Osekh's General Store.
  3535 | D:4      | Reached skill level 2 in Conjurations
  3538 | D:4      | Noticed an ogre
  3546 | D:4      | Killed an ogre
  3547 | D:4      | Reached skill level 3 in Spellcasting
  3547 | D:4      | Reached XP level 6. HP: 42/45 MP: 1/13
  3716 | D:4      | Reached skill level 6 in Ice Magic
  3864 | D:4      | Found a staircase to the Ecumenical Temple.
  4516 | D:5      | Entered Level 5 of the Dungeon
  5078 | D:4      | Slain by an ogre

Illustrated notes

Levels and vault maps discovered:
D:1:      nzn_arrival_crosshair, layout_basic, shapermc_ecumenical_altar_gd,
          grunt_decor_one_mirror
D:2:      layout_basic, kennysheep_jessica_study, uniq_crazy_yiuf_cottage
D:3:      layout_basic, serial_shops, shop, shop_coins,
          nicolae_shop_temple_entry_statues_fountains, shop, nicolae_shop_trees,
          kennysheep_generic_room_4, uniq_terence
D:4:      layout_gridville, minmay_temple_entry_overgrown
D:5:      layout_layer_cave, mainiacjoe_overflow_swirl, solitary_fountain,
          minmay_misc_feat_hallway

Skill      XL: |  1  2  3  4  5  6 |
---------------+-------------------+-----
Spellcasting   | 2 3 |  3.0
Ice Magic      | 4 5 6 |  6.5
Conjurations   | 1 2 |  2.8
Staves         | |  0.1
Dodging        | |  1.7
Stealth        | |  1.7

Action                   |  1- 3 |  4- 6 || total
-------------------------+-------+-------++-------
Melee: Unarmed           |    18 |       ||    18
       Punch             |     1 |     1 ||     2
       Quarterstaff      |    21 |       ||    21
       Mace              |     2 |    66 ||    68
 Cast: Freeze            |    26 |    28 ||    54
       Frozen Ramparts   |     2 |    17 ||    19
       Ozocubu's Armour  |       |    12 ||    12
Evoke: Wand              |       |    15 ||    15
  Use: Scroll            |       |    10 ||    10
 Stab: Distracted        |     1 |       ||     1
       Sleeping          |       |     2 ||     2
Armor: Robe              |     5 |    60 ||    65
Dodge: Dodged            |    13 |   110 ||   123

Table legend: (Time is in decaauts)
 A = Elapsed time spent in this place.
 B = Non-inter-level travel time spent in this place.
 C = Inter-level travel time spent in this place.
 D = Time resting spent in this place.
 E = Time spent auto-exploring this place.
 F = Levels seen in this place.
 G = Mean time per level.
                   A        B        C        D        E       F      G
               +--------+--------+--------+--------+--------+-----+--------+
         Total |   5113 |   4886 |    227 |    603 |   3549 |   5 | 1022.6 |
       Dungeon |   5113 |   4886 |    227 |    603 |   3549 |   5 | 1022.6 |
               +--------+--------+--------+--------+--------+-----+--------+

Top non-repeatable levels by time:
     D:4: 1680 daAuts
     D:1: 1196 daAuts
     D:2: 1155 daAuts
     D:3: 1040 daAuts
     D:5: 40 daAuts

Table legend:
 A = Kills in this place as a percentage of kills in entire the game.
 B = Kills by you in this place as a percentage of kills by you in the entire game.
 C = Kills by friends in this place as a percentage of kills by friends in the entire game.
 D = Other kills in this place as a percentage of other kills in the entire game.
 E = Experience gained in this place as a percentage of experience gained in the entire game.
 F = Experience gained in this place divided by the number of levels of this place that you have seen.
                   A       B       C       D       E      F
               +-------+-------+-------+-------+-------+----------------------
         Total | 100.0 | 100.0 |   N/A |   N/A | 100.0 | 153.0
       Dungeon | 100.0 | 100.0 |   N/A |   N/A | 100.0 | 153.0
               +-------+-------+-------+-------+-------+----------------------
